Map: Cyber Forest LE

Players

toucanvan

  • Race: Protoss Protoss
  • League: Diamond
  • Spawn Location: 5:00

Parkkatz - Winner!

  • Race: Zerg Zerg
  • League: Platinum
  • Spawn Location: 11:00

VOD

Have the link to the VOD?

Description

Time

  • Played on: July 3, 2019, 4:59 p.m.
  • Length: 9:12
Show
View Real Time Build Order
Export as new Build Order

toucanvan Protoss 

Build Orders: Chargelot Immortal 

Get SALT Encoding   

  12  0:01  Probe  
  13  0:13  Probe  
  14  0:20  Pylon  
  14  0:25  Probe  
  15  0:38  Probe  
  15  0:42  Gateway  
  16  0:49  Probe  
  16  0:54  Assimilator  
  16  0:57  Probe  
  17  0:59  Assimilator  
  18  1:05  Probe  
  19  1:20  Gateway  
  19  1:21  Probe  
  20  1:33  Probe  
  21  1:43  Probe  
  21  1:45  Cybernetics Core  
  22  1:51  Probe, Pylon  
  23  2:08  Probe  
  23  2:13  Warp Gate  
  24  2:20  Probe  
  24  2:21  Adept x2  
  29  2:30  Pylon  
  29  2:32  Probe  
  30  2:51  Zealot, Sentry  
  34  2:57  Nexus  
  34  2:59  Probe  
  35  3:14  Robotics Facility  
  31  3:39  Probe  
  30  3:47  Probe  
  30  3:55  Probe  
  32  4:05  Zealot, Probe  
  32  4:09  Probe  
  40  4:13  Probe  
  40  4:21  Probe  
  42  4:30  Immortal  
  42  4:37  Zealot x2  
  46  4:40  Pylon  
  46  4:54  Probe, Assimilator  
  46  4:57  Assimilator  
  46  4:58  Probe  
  48  5:03  Probe  
  49  5:08  Gateway  
  49  5:09  Observer  
  49  5:10  Probe  
  49  5:11  Gateway, Probe  
  51  5:19  Probe  
  52  5:22  Probe  
  54  5:29  Pylon  
  54  5:44  Nexus  
  54  5:47  Probe x2  
  46  6:06  Zealot x2  
  46  6:11  Immortal  
  46  6:12  Zealot x2  
  54  6:19  Probe x2  
  54  6:20  Twilight Council  
  55  6:34  Zealot x3  
  61  6:46  Zealot  
  62  6:49  Charge  
  62  6:56  Immortal  
  62  6:57  Stalker x3  
  62  7:01  Probe x2  
  74  7:05  Probe  
  75  7:13  Probe x2  
  77  7:16  Forge  
  77  7:21  Pylon  
  77  7:24  Forge  
  52  7:46  Zealot x4  
  58  7:52  Gateway  
  58  7:53  Probe x3  
  58  7:56  Gateway  
  61  7:58  Pylon  
  61  7:59  Pylon  
  62  8:05  Probe x2  
  52  8:14  Immortal  
  52  8:18  Zealot x3  
  52  8:19  Zealot  
  57  8:39  Zealot  
  57  8:40  Zealot x3  
  51  9:07  Zealot x2  
Show
View Real Time Build Order
Export as new Build Order

Parkkatz Zerg - Winner!

Build Orders: Hatch First 

Get SALT Encoding   

  12  0:01  Drone  
  13  0:15  Overlord  
  13  0:17  Drone  
  14  0:35  Drone x2  
  16  0:43  Drone  
  16  0:48  Drone  
  18  1:02  Hatchery, Extractor  
  18  1:03  Drone  
  17  1:09  Drone  
  18  1:21  Drone  
  19  1:28  Spawning Pool  
  19  1:32  Drone  
  19  1:42  Overlord  
  19  2:15  Queen x2  
  19  2:17  Zergling x6  
  19  2:19  Drone  
  27  2:23  Metabolic Boost  
  27  2:32  Drone  
  28  2:48  Drone x3  
  28  2:49  Drone  
  28  2:51  Overlord, Queen  
  33  3:06  Queen  
  34  3:25  Zergling x8  
  37  3:33  Drone x4  
  37  3:34  Drone  
  41  3:38  Drone  
  41  3:39  Drone x2  
  43  3:46  Lair  
  43  3:48  Drone  
  44  3:51  Overlord  
  44  4:05  Extractor  
  44  4:07  Extractor  
  44  4:08  Hatchery  
  40  4:26  Overlord x2  
  38  4:34  Drone x3  
  38  4:35  Drone x3  
  43  4:41  Roach Warren  
  43  4:44  Evolution Chamber  
  41  4:51  Drone x5  
  46  4:56  Drone x2  
  46  4:57  Overlord  
  46  4:58  Overseer  
  48  5:17  Zergling x2  
  48  5:18  Zergling x12  
  55  5:23  Queen  
  57  5:28  Zerg Missile Weapons Level 1  
  57  5:29  Glial Reconstitution  
  57  5:30  Roach  
  57  5:31  Roach x2  
  58  5:57  Roach  
  58  5:58  Roach x2  
  58  6:04  Drone x6  
  64  6:05  Drone x2  
  70  6:16  Roach x2, Overlord x2  
  70  6:18  Roach x3  
  79  6:34  Roach x6  
  79  6:35  Roach  
  79  6:36  Drone  
  79  6:37  Drone  
  94  6:44  Hatchery  
  91  6:57  Roach  
  91  6:58  Roach x3  
  91  6:59  Overlord x4  
  91  7:00  Overseer  
  97  7:04  Drone  
  98  7:11  Overlord x3  
  98  7:17  Zergling x14  
  98  7:18  Zergling x2  
  106  7:24  Ravager x2  
  106  7:25  Ravager x3  
  106  7:26  Ravager  
  106  7:27  Overlord x2  
  112  7:43  Drone  
  112  7:44  Drone x5  
  110  7:48  Queen  
  114  7:51  Drone  
  114  7:52  Drone x6  
  114  7:55  Extractor  
  114  7:56  Extractor  
  119  7:59  Queen  
  119  8:02  Overlord  
  118  8:25  Roach x10  
  118  8:26  Roach x5  
  148  8:29  Hydralisk Den  
  148  8:33  Extractor  
  143  8:56  Infestation Pit  
Tags
 
Add a new tag
Caveats
  • Supply blocks, unpowered buildings, or Contaminate may cause inaccurate times.
  • Supply counts are checked every 10 seconds.